 Dungeon Crawl Stone Soup version 0.27-a0-1557-g57f10a385c (webtiles) character file.

Game seed: 852078029593980274

0 DocClef the Covert (level 1, 0/23 HPs)
             Began as a Gnoll Delver on July 15, 2021.
             Slain by a bullfrog zombie (4 damage)
             ... on level 6 of the Dungeon.
             The game lasted 00:00:15 (143 turns).

DocClef the Covert (Gnoll Delver)                    Turns: 143, Time: 00:00:16

Health: 0/23       AC:  3    Str: 11    XL:     1   Next: 0%
Magic:  1/1        EV: 13    Int:  9    God:
Gold:   12         SH:  0    Dex: 13    Spells: 0/0 levels left

rFire    . . .     SeeInvis .   a - +0 short sword
rCold    . . .     Faith    .   (no shield)
rNeg     . . .     Spirit   .   b - +0 leather armour
rPois    .         Reflect  .   (no helmet)
rElec    .         Harm     .   (no cloak)
rCorr    .         Rampage  .   (no gloves)
Will     .....                  (no boots)
Stlth    ++++......             (no amulet)
HPRegen  0.07/turn              (no ring)
MPRegen  0.07/turn              (no ring)

@: no status effects
A: fangs 1, strong nose, distributed training
a: no special abilities


You were on level 6 of the Dungeon.
You visited 1 branch of the dungeon, and saw 2 of its levels.

You collected 12 gold pieces.

Inventory:

Hand Weapons
 a - a +0 short sword (weapon)
Armour
 b - a +0 leather armour (worn)
Wands
 g - a wand of digging (3)
Scrolls
 c - a scroll of fog
 e - a scroll of fear
Potions
 f - a potion of haste
 h - a potion of magic {unknown}


   Skills:
 + Level 6.4 Fighting
 + Level 4.4 Short Blades
 + Level 0.0 Long Blades
 + Level 0.0 Axes
 + Level 0.0 Maces & Flails
 + Level 0.0 Polearms
 + Level 0.0 Staves
 + Level 0.0 Slings
 + Level 0.0 Bows
 + Level 0.0 Crossbows
 + Level 0.0 Throwing
 + Level 0.0 Armour
 + Level 4.4 Dodging
 + Level 9.5 Stealth
 + Level 0.0 Shields
 + Level 0.0 Unarmed Combat
 + Level 0.0 Spellcasting
 + Level 0.0 Conjurations
 + Level 0.0 Hexes
 + Level 0.0 Summonings
 + Level 0.0 Necromancy
 + Level 0.0 Translocations
 + Level 0.0 Transmutations
 + Level 0.0 Fire Magic
 + Level 0.0 Ice Magic
 + Level 0.0 Air Magic
 + Level 0.0 Earth Magic
 + Level 0.0 Poison Magic
 + Level 0.0 Invocations
 + Level 0.0 Evocations


You couldn't memorise any spells.
You didn't know any spells.
Your spell library was empty.

Dungeon Overview and Level Annotations

Branches:
Dungeon (6/15)
 Temple: D:4-7

Altars:


Innate Abilities, Weirdness & Mutations

You have very sharp teeth.
Your uncanny sense of smell can sniff out nearby items.
Your experience applies equally to all skills.


Message History

The slug dart hits you.
* * * LOW HITPOINT WARNING * * *
A quokka comes into view.
The dart slug launches a dart at you. The slug dart hits you.
* * * LOW HITPOINT WARNING * * *
Really walk into that dispersal trap? [Y]es or [N]o only, please.
Really walk into that dispersal trap? [Y]es or [N]o only, please.
Really walk into that dispersal trap?
Okay, then.
Really walk into that dispersal trap?
You enter a dispersal trap!
The ice beast blinks!
The quokka blinks!
The dart slug blinks!
The quokka blinks!
The ice beast blinks!
You blink.
There is a stone staircase leading down here.
You climb downwards.
You hear the sound of rushing water.
There is an entrance to a sewer on this level.
Hurry and find it before the portal rusts away!
Found 12 gold pieces.
There is a stone staircase leading up here.
You start resting.
You hear the slow rusting of a very distant drain.
You start resting.
You hear the slow rusting of a very distant drain.
As you read the scroll of magic mapping, it crumbles to dust.
You feel aware of your surroundings.
You sensed 1 shop/portal.
Found 15 gold pieces.
You now have 12 gold pieces.
A bullfrog zombie comes into view.
Found an ivory ring.
You see here 15 gold pieces.
The bullfrog zombie hits you.
* * * LOW HITPOINT WARNING * * *
You barely miss the bullfrog zombie. The bullfrog zombie hits you.
* * * LOW HITPOINT WARNING * * *
You hit the bullfrog zombie.
The bullfrog zombie is lightly damaged.
The bullfrog zombie hits you.
You die...

*,***,,,,***,,,,, ######.#
*,**,,,,,,,,, #..<...#
*,*******,≈≈≈ #.###### *,*
*,≈** #.# *,* *,≈* #.#
*,*******,≈** #.#
*,**,,,,,,≈≈≈
#.########..#,*,*,,,,,
#.$..@Z...#**,***,,≈≈≈
*****#..#####.##**+****,≈**
*,,......,,*,,,**,,,**,,≈*
*,####....,,,*,**,,,***,≈**
*,* ##.##.,,,,*,,,,,**,≈≈≈
*,* #.#*..*,**,,,,,**,,,,
*,* **#.#*,.#,**,,,,,**,≈≈≈
*,* *,=..,,,.,,**,,,***,≈**
**,***,****,,*****,,,**,,≈*


You could see a bullfrog zombie.

Vanquished Creatures (others)
  9 fungi (D:5)
9 creatures vanquished.

Notes
Turn   | Place    | Note
-------+----------+-------------------------------------------
     0 | D:5      | Reached skill level 9 in Stealth
     0 | D:5      | DocClef the Gnoll Delver began the quest for the Orb.
     0 | D:5      | Reached XP level 1. HP: 23/23 MP: 1/1
     7 | D:5      | Noticed an ice beast
    16 | D:5      | HP: 1/23 [dart slug/slug dart (3)]
   143 | D:6      | Slain by a bullfrog zombie

Illustrated notes

Levels and vault maps discovered:
D:5:      layout_basic, mainiacjoe_overflow_paths, nicolae_ashenzari_skybound,
          mainiacjoe_overflow_large_starburst, serial_shops, shop,
          serial_aquarium, aquarium_bridge_long_separate
          [aquarium_subvault_window, aquarium_subvault_window,
          aquarium_subvault_bridge, aquarium_subvault_balcony,
          aquarium_subvault_window, aquarium_subvault_bridge],
          aquarium_bridge_straight [aquarium_subvault_bridge,
          aquarium_subvault_wall, aquarium_subvault_bridge,
          aquarium_subvault_window], aquarium_window_fake,
          aquarium_window_double, aquarium_window_corner, aquarium_view_2c,
          aquarium_pool_2, uniq_crazy_yiuf_cottage, uniq_pikel
D:6:      lemuel_slime, layout_loops_ring, portal_sewer_entry_d,
          kennysheep_boxes, uniq_prince_ribbit1, uniq_eustachio, uniq_grinder,
          uniq_maggie

Skill      XL: | |
---------------+-+-----
Stealth        | |  9.5
Fighting       | |  6.4
Short Blades   | |  4.4
Dodging        | |  4.4

Action                   || total
-------------------------++-------
Melee: Short sword       ||     4
       Bite              ||     1
  Use: Scroll            ||     1
Dodge: Dodged            ||     2

Table legend: (Time is in decaauts)
 A = Elapsed time spent in this place.
 B = Non-inter-level travel time spent in this place.
 C = Inter-level travel time spent in this place.
 D = Time resting spent in this place.
 E = Time spent auto-exploring this place.
 F = Levels seen in this place.
 G = Mean time per level.
                   A        B        C        D        E       F      G
               +--------+--------+--------+--------+--------+-----+--------+
         Total |    142 |    142 |      0 |    101 |      6 |   2 |   71.0 |
       Dungeon |    142 |    142 |      0 |    101 |      6 |   2 |   71.0 |
               +--------+--------+--------+--------+--------+-----+--------+

Top non-repeatable levels by time:
     D:6: 114 daAuts
     D:5: 27 daAuts
